 Dungeon Crawl Stone Soup version 0.28.0-45-g0d030f2227 (webtiles) character file.

Game seed: 2749733376179561318

104 billz999 the Chiller (level 4, 0/30 HPs)
             Began as a Vampire Ice Elementalist on Apr 15, 2022.
             Was a Believer of Kikubaaqudgha.
             Slain by Sigmund
             ... wielding a +0 scythe
              (4 damage)
             ... on level 3 of the Dungeon.
             The game lasted 00:08:59 (1953 turns).

billz999 the Chiller (Vampire Ice Elementalist)     Turns: 1953, Time: 00:08:59

Health: 0/30       AC:  2    Str:  7    XL:     4   Next: 52%
Magic:  0/8        EV: 12    Int: 19    God:    Kikubaaqudgha [**....]
Gold:   91         SH:  0    Dex: 14    Spells: 4/8 levels left

rFire   . . .      SeeInvis +   e - +0 short sword (drain)
rCold   . . .      Faith    .   (no shield)
rNeg    . . .      Spirit   .   a - +0 robe
rPois   .          Reflect  .   (no helmet)
rElec   .          Harm     .   (no cloak)
rCorr   .          Rampage  .   (no gloves)
Will    .....                   (no boots)
Stlth   +++.......              (no amulet)
HPRegen 0.30/turn               f - ring of wizardry
MPRegen 0.11/turn               (no ring)

@: healing quickly
A: alive, fangs 3, see invisible, vampiric 2
a: Exsanguinate, Renounce Religion, Receive Corpses


You were on level 3 of the Dungeon.
You worshipped Kikubaaqudgha.
Kikubaaqudgha was pleased with you.
You visited 1 branch of the dungeon, and saw 3 of its levels.

You collected 91 gold pieces.

Inventory:

Hand Weapons
 d - a +0 dagger
 e - a +0 short sword of draining (weapon)
Armour
 a - a +0 robe (worn)
 i - a scarf of harm
Jewellery
 f - a ring of wizardry (left hand)
Scrolls
 b - a scroll of fog
 g - a scroll of silence {unknown}
 h - 2 scrolls of teleportation {unknown}
 k - a scroll of vulnerability {unknown}
Potions
 j - 2 potions of magic {unknown}


   Skills:
 - Level 2.5 Dodging
 + Level 4.3 Stealth
 + Level 2.6 Spellcasting
 + Level 1.4 Necromancy
 + Level 4.5 Ice Magic
 + Level 1.2 Air Magic


You had 4 spell levels left.
You knew the following spells:

 Your Spells              Type           Power      Damage    Failure   Level
a - Freeze                Ice            76%        1d9       1%          1
b - Animate Skeleton      Necr           14%        N/A       3%          1
c - Corpse Rot            Necr/Air       14%        N/A       6%          2

Your spell library contained the following spells:

 Spells                   Type           Power      Damage    Failure   Level
 Frozen Ramparts          Ice            38%        1d5       3%          3
 Ozocubu's Armour         Ice            19%        N/A       3%          3
 Sandblast                Erth           4%         2d4       6%          1
 Sublimation of Blood     Necr           7%         N/A       6%          2
 Passwall                 Tmut/Erth      1%         N/A       10%         2
 Vampiric Draining        Necr           7%         2d6       11%         3
 Stone Arrow              Conj/Erth      4%         3d7       19%         3
 Hailstorm                Conj/Ice       11%        3d5       26%         4


Dungeon Overview and Level Annotations

Branches:
Dungeon (3/15)

Altars:
Kikubaaqudgha

Annotations:
D:3 Sigmund


Innate Abilities, Weirdness & Mutations

Your natural rate of healing is accelerated.
You have razor-sharp teeth.
You have supernaturally acute eyesight. (SInv)
You are afflicted with vampirism and can become a bat while bloodless.


Message History

The orc closely misses you.
You hit the orc.
You kill the orc!
Kikubaaqudgha accepts your kill. Sigmund closely misses you.
Casting: Freeze (safe; 1% risk of failure)
Confirm with . or Enter, or press ? or * to list all spells.
You can't see any susceptible monsters within range! (Use Z to cast anyway.) Unknown command.
Unknown command.
Casting: Freeze (safe; 1% risk of failure)
Confirm with . or Enter, or press ? or * to list all spells.
There is nothing fresh enough to decay nearby.
Casting: Corpse Rot (safe; 6% risk of failure)
Confirm with . or Enter, or press ? or * to list all spells.
Okay, then.
Kikubaaqudgha delivers you corpses! Sigmund misses you.
Sigmund closely misses you.
You see here an adder corpse.
Casting: Corpse Rot (safe; 6% risk of failure)
Confirm with . or Enter, or press ? or * to list all spells.
You smell decay.
Sigmund is suddenly surrounded by pale red light.
Sigmund hits you from afar with a +0 scythe!
As you read the scroll labelled OHUOPU LOOPS, it crumbles to dust.
The scroll dissolves into smoke.
It was a scroll of fog.
You aren't carrying any items that you can evoke.
This is a scroll of acquirement!
Something appears at your feet! Sigmund barely misses you.
Sigmund hits you from afar with a +0 scythe.
Sigmund barely misses you. Kikubaaqudgha delivers you corpses!
Sigmund casts a spell at you. The magic dart hits you!
* * * LOW HITPOINT WARNING * * *
Unknown command.
Sigmund hits you from afar with a +0 scythe.
You die...
Kikubaaqudgha rasps: "You have failed me!
Welcome... death!"

#..#..# #..........
#..#..# #+#+#####..
#..#..# . #..#..#
#..#..# #..#..# #+#
#..#..# #.#######
#..#.§########........
#..#.§§@§@..).........
#..##§#######........#
#..##.# +........+
#.....# #........#
#..#### #........#
#.)# .........# #.##
.....###### #.#
......# #.# .......#


You could see Sigmund.

Vanquished Creatures
  A jelly (D:2)
  An adder (D:2)
  A worm (D:2)
  2 dart slugs
  An orc (D:3)
  9 endoplasms
  A giant cockroach (D:2)
  5 goblins
  2 hobgoblins
  4 jackals (D:3)
  11 kobolds
  4 ball pythons
  3 bats (D:1)
  3 frilled lizards
  4 rats
52 creatures vanquished.

Vanquished Creatures (others)
  10 toadstools (D:2)
10 creatures vanquished.

Grand Total: 62 creatures vanquished

Notes
Turn   | Place    | Note
-------+----------+-------------------------------------------
     0 | D:1      | billz999 the Vampire Ice Elementalist began the quest for
                  | the Orb.
     0 | D:1      | Reached XP level 1. HP: 13/13 MP: 3/3
   153 | D:1      | Reached XP level 2. HP: 18/19 MP: 0/5
   264 | D:1      | Found a faded altar of an unknown god.
   268 | D:1      | Prayed at the altar of an unknown god.
   268 | D:1      | Became a worshipper of Kikubaaqudgha
   268 | D:1      | Reached * piety under Kikubaaqudgha
   268 | D:1      | Received a gift from Kikubaaqudgha
   275 | D:1      | Learned a level 1 spell: Animate Skeleton
   278 | D:1      | Learned a level 2 spell: Corpse Rot
  1014 | D:2      | Gained mutation: You are afflicted with vampirism and can
                  | become a bat while bloodless. [Vampire growth]
  1014 | D:2      | Reached XP level 3. HP: 24/24 MP: 6/6
  1043 | D:2      | Reached ** piety under Kikubaaqudgha
  1527 | D:2      | Reached skill level 1 in Necromancy
  1604 | D:2      | Reached skill level 1 in Air Magic
  1604 | D:2      | Reached XP level 4. HP: 23/30 MP: 1/7
  1928 | D:3      | Noticed Sigmund
  1948 | D:3      | Identified a scroll of acquirement
  1948 | D:3      | Acquired a staff of air
  1953 | D:3      | Slain by Sigmund

Illustrated notes

Levels and vault maps discovered:
D:1:      dpeg_arrival_three_bigger_balls, layout_rooms,
          ebering_ecumenical_altar_webs, minmay_tall_x
D:2:      cheibrodos_fertilizer, layout_basic, roderic_serpentine_path
D:3:      layout_basic, uniq_sigmund, uniq_natasha

Skill      XL: |  1  2  3 |
---------------+----------+-----
Necromancy     | 1 |  1.4
Stealth        | 4 |  4.3
Air Magic      | 1 |  1.2
Dodging        | |  2.5
Spellcasting   | |  2.6
Ice Magic      | |  4.5

Action                   |  1- 3 |  4- 6 || total
-------------------------+-------+-------++-------
Melee: Unarmed           |     4 |       ||     4
       Dagger            |    23 |     6 ||    29
       Bite              |     2 |       ||     2
       Short sword       |       |     4 ||     4
 Cast: Freeze            |    55 |     6 ||    61
       Animate Skeleton  |     6 |       ||     6
       Corpse Rot        |     1 |     1 ||     2
Invok: Receive Corpses   |       |     2 ||     2
  Use: Potion            |     2 |       ||     2
       Scroll            |       |     2 ||     2
 Stab: Sleeping          |     7 |     4 ||    11
Armor: Robe              |    12 |       ||    12
Dodge: Dodged            |    45 |     8 ||    53
